 Dungeon Sprint DCSS version 0.30-a0-802-gb92711bcdf (webtiles) character file.

Game seed: 9553342612187701877

987 sircluck the Grappler (level 7, -3/80 HPs)
             Began as a Troll Berserker on Feb 23, 2023.
             Was a Priest of Trog.
             Slain by a sun demon (27 damage)
             ... summoned by a kobold demonologist
             ... in the Dungeon (Sprint I: "Red Sonja").
             The game lasted 00:02:06 (233 turns).

sircluck the Grappler (Troll Berserker)              Turns: 233, Time: 00:02:06

Health: -3/80      AC:  4    Str: 28    XL:     7   Next: 97%
Magic:  6/6        EV: 12    Int:  3    God:    Trog [***...]
Gold:   459        SH:  0    Dex:  9    Spells: 6/6 levels left

rFire   . . .      SeeInvis .      - Unarmed
rCold   . . .      Faith    .    (no shield)
rNeg    . . .      Spirit   .    a - +0 animal skin
rPois   .          Reflect  .    (helmet restricted)
rElec   .          Harm     .    (no cloak)
rCorr   .          Rampage  .    (gloves unavailable)
Will    .....      NoTele   +    (boots unavailable)
Stlth   +                        (no amulet)
HPRegen 1.13/turn                (no ring)
MPRegen 0.10/turn                (no ring)

@: no status effects
A: large, unfitting armour, claws 3, regeneration 1, shaggy fur 1, tough skin 1
a: Renounce Religion, Berserk, Trog's Hand


You were in the Dungeon.
You worshipped Trog.
Trog was most pleased with you.
You visited 1 branch You collected 459 gold pieces.

Inventory:

Armour
 a - a +0 animal skin (worn)
Wands
 h - a wand of digging (4)
 j - a wand of paralysis (6)
Scrolls
 g - a scroll of blinking
 i - 2 scrolls of immolation {unknown}
Potions
 b - a potion of curing
 c - a potion of lignification {unknown}
 d - a potion of haste
 e - 2 potions of magic
 f - a potion of berserk rage


   Skills:
 + Level 8.2 Fighting
 + Level 8.5 Dodging
 + Level 0.3 Stealth
 + Level 11.6 Unarmed Combat


You had 6 spell levels left.
You didn't know any spells.
Your spell library was empty.

Dungeon Overview and Level Annotations

Branches:
Dungeon (1/1)

Altars:
Cheibriados
Dithmenos
Elyvilon
Fedhas
Gozag
Hepliaklqana
Kikubaaqudgha
Makhleb
Nemelex Xobeh
Okawaru
Qazlal
Ru
Sif Muna
Trog
Uskayaw
Vehumet
Wu Jian
Xom
Yredelemnul
Zin
The Shining One
Jiyva
Lugonu

Shops:
D *


Innate Abilities, Weirdness & Mutations

You are too large for most types of armour.
You have claws for hands.
Your natural rate of healing is unusually fast.
You are covered in fur. (AC +1)
You have tough skin. (AC +1)


Message History

The kobold demonologist is severely wounded.
You claw the kobold demonologist!
The kobold demonologist is almost dead.
The kobold demonologist casts a spell.
You scratch the kobold demonologist.
The kobold demonologist is almost dead.
The kobold demonologist begins to cast a cantrip, but forgets the words!
The floating eye's stare focuses on you.
You scratch the kobold demonologist.
You kill the kobold demonologist!
Trog accepts your kill.
Trog appreciates your killing of a magic user.
The smoke demon disappears in a puff of smoke!
Your Fighting skill increases to level 8!
Your Dodging skill increases to level 8!
Your Unarmed Combat skill increases to level 11!
You mangle the floating eye!!
You kill the floating eye!
Trog accepts your kill. The sun demon hits you.
You are engulfed in flames!
The sun demon hits you but does no damage.
The kobold demonologist looks encouraged for a moment.
You closely miss the kobold demonologist.
The sun demon hits you!!
You are engulfed in flames!
* * * LOW HITPOINT WARNING * * *
The kobold demonologist casts a spell.
The shadow imp closely misses you.
You scratch the kobold demonologist but do no damage.
The sun demon closely misses you.
The kobold demonologist barely misses you.
The shadow imp hits you.
* * * LOW HITPOINT WARNING * * *
You mangle the kobold demonologist!!
The kobold demonologist is heavily wounded.
The sun demon barely misses you.
The kobold demonologist hits you but does no damage.
You closely miss the kobold demonologist.
The kobold demonologist is heavily wounded.
The sun demon hits you!!
You die...

####################
').#..'..#__#..'@K.#
#..').#..'..'..#35.#
##'#####'#__####53.+
#..#...#.#### #####
####..##.#
___##'#_.+
∩...'..._#
.__##_.#'#
___###+#.#


You could see a soul eater (summoned), a sun demon (summoned), a kobold
demonologist, a shadow imp (summoned) and an ufetubus (summoned).

Vanquished Creatures
  A kobold demonologist (D)
  A slime creature (D)
  Sigmund (D)
  A yak (D)
  A floating eye (D)
  An ogre (D)
  A jelly (D)
  Ijyb (D)
8 creatures vanquished.

Notes
Turn   | Place    | Note
-------+----------+-------------------------------------------
     0 | D        | sircluck the Troll Berserker began the quest for the Orb.
     0 | D        | Reached XP level 1. HP: 22/22 MP: 0/0
     1 | D        | Noticed Ijyb
     9 | D        | Killed Ijyb
    10 | D        | Reached skill level 4 in Unarmed Combat
    10 | D        | Reached XP level 2. HP: 30/31 MP: 1/1
    19 | D        | Found a basalt altar of Yredelemnul.
    19 | D        | Found a hide-covered altar of Uskayaw.
    19 | D        | Found a hazy altar of Hepliaklqana.
    19 | D        | Found a shadowy altar of Dithmenos.
    19 | D        | Found a sacrificial altar of Ru.
    19 | D        | Found a snail-covered altar of Cheibriados.
    19 | D        | Found an opulent altar of Gozag.
    19 | D        | Found a sparkling altar of Nemelex Xobeh.
    20 | D        | Found an ancient bone altar of Kikubaaqudgha.
    20 | D        | Found Soery's Assorted Antiques.
    20 | D        | Found a glowing golden altar of the Shining One.
    20 | D        | Found an iron altar of Okawaru.
    20 | D        | Found a bloodstained altar of Trog.
    20 | D        | Found a blossoming altar of Fedhas.
    20 | D        | Found a stormy altar of Qazlal.
    20 | D        | Found a white marble altar of Elyvilon.
    20 | D        | Found a glowing silver altar of Zin.
    20 | D        | Noticed a yak
    33 | D        | Killed a yak
    34 | D        | Reached skill level 5 in Fighting
    34 | D        | Reached skill level 5 in Dodging
    34 | D        | Reached skill level 7 in Unarmed Combat
    34 | D        | Reached XP level 3. HP: 10/42 MP: 2/2
    34 | D        | Reached XP level 4. HP: 11/50 MP: 3/3
    34 | D        | Reached XP level 5. HP: 13/57 MP: 4/4
    74 | D        | Noticed an ogre
    81 | D        | Killed an ogre
    81 | D        | Reached ** piety under Trog
    82 | D        | Reached skill level 8 in Unarmed Combat
   106 | D        | Noticed Sigmund
   110 | D        | Killed Sigmund
   111 | D        | Reached skill level 9 in Unarmed Combat
   111 | D        | Reached XP level 6. HP: 65/71 MP: 5/5
   128 | D        | Found a burning altar of Makhleb.
   128 | D        | Found a shimmering altar of Xom.
   128 | D        | Noticed a slime creature
   129 | D        | Found a viscous altar of Jiyva.
   129 | D        | Found a corrupted altar of Lugonu.
   133 | D        | Killed a slime creature
   134 | D        | Reached skill level 10 in Unarmed Combat
   134 | D        | Reached XP level 7. HP: 65/78 MP: 6/6
   134 | D        | Found an ornate altar of the Wu Jian Council.
   134 | D        | Found a shimmering blue altar of Sif Muna.
   136 | D        | Found a radiant altar of Vehumet.
   141 | D        | Reached *** piety under Trog
   219 | D        | Noticed a kobold demonologist
   219 | D        | Noticed a kobold demonologist
   224 | D        | Noticed a sun demon
   226 | D        | Noticed a smoke demon
   227 | D        | Killed a kobold demonologist
   228 | D        | Reached skill level 11 in Unarmed Combat
   231 | D        | Noticed a soul eater
   233 | D        | Slain by a sun demon

Illustrated notes

Levels and vault maps discovered:
D:        dungeon_sprint_1 [red_sonja_temple_1, red_sonja_temple_small_1]

Skill      XL: |  1  2  3  4  5  6  7 |
---------------+----------------------+-----
Fighting       | 3 5 7 8 |  8.2
Dodging        | 3 5 7 8 |  8.5
Unarmed Combat | 4 7 9 10 11 | 11.6
Stealth        | |  0.3

Action                     |  1- 3 |  4- 6 |  7- 9 || total
---------------------------+-------+-------+-------++-------
  Melee: Unarmed           |    14 |    13 |    15 ||    42
  Evoke: Wand              |     1 |       |       ||     1
    Use: Potion            |     1 |       |       ||     1
 Armour: Animal skin       |     2 |       |     4 ||     6
  Dodge: Dodged            |     4 |     3 |     7 ||    14

Table legend: (Time is in decaauts)
 A = Elapsed time spent in this place.
 B = Non-inter-level travel time spent in this place.
 C = Inter-level travel time spent in this place.
 D = Time resting spent in this place.
 E = Time spent auto-exploring this place.
 F = Levels seen in this place.
 G = Mean time per level.
                   A        B        C        D        E       F      G
               +--------+--------+--------+--------+--------+-----+--------+
         Total |    227 |    216 |     11 |     15 |     25 |   1 |  227.0 |
       Dungeon |    227 |    216 |     11 |     15 |     25 |   1 |  227.0 |
               +--------+--------+--------+--------+--------+-----+--------+

Top non-repeatable levels by time:
       D: 227 daAuts
